 Dungeon Crawl Stone Soup version 0.31-a0-167-g1c394c0614 (webtiles) character file.

Game seed: 4600925833763137052

14 senseless the Scratcher (level 2, -3/12 HPs)
             Began as a Felid Transmuter on June 14, 2023.
             Killed from afar by Natasha (8 damage)
             ... with a puff of flame
             ... on level 2 of the Dungeon.
             The game lasted 00:01:54 (454 turns).

senseless the Scratcher (Felid Transmuter)           Turns: 454, Time: 00:01:54

Health: -3/12      AC:  1    Str:  6    XL:     2   Next: 31%
Magic:  3/6        EV: 17    Int: 14    God:
Gold:   14         SH:  0    Dex: 16    Spells: 2/5 levels left
                                        Lives:  0   Deaths: 0

rFire   . .          .
                       - Unarmed
rCold   . . .        (shield unavailable)
rNeg    . . .        (body armour unavailable)
rPois   +            (helmet unavailable)
rElec   .            (cloak unavailable)
rCorr   .            (gloves unavailable)
SInv    +            (boots unavailable)
Will    .....        (no amulet)
Stlth   +            b - ring of poison resistance
HPRegen 0.22/turn    (no ring)
MPRegen 0.10/turn

%: no passive effects
@: appendages (expiring), wereblooded, slowed, slow
A: horns 2, very small, claws 1, fangs 3, see invisible, speed 1, shaggy fur 1,
stealthy paws, no weapons or thrown items, no armour, multi-lived
a: End Transformation


You were on level 2 of the Dungeon.
You had temporarily grown beastly horns.
You visited 1 branch of the dungeon, and saw 2 of its levels.

You collected 14 gold pieces.

Inventory:

Jewellery
 b - a ring of poison resistance (left paw)
Potions
 a - a potion of lignification
 c - a potion of resistance {unknown}


   Skills:
 + Level 1.3 Fighting
 + Level 3.0 Dodging
 + Level 3.1 Unarmed Combat
 + Level 2.1 Spellcasting
 + Level 2.4 Transmutations


You had 2 spell levels left.
You knew the following spells:

 Your Spells              Type           Power      Damage    Failure   Level
a - Beastly Appendage     Tmut           16%        N/A       9%          1
b - Wereblood             Tmut           8%         N/A       13%         2

Your spell library contained the following spells:

 Spells                   Type           Power      Damage    Failure   Level
 Spider Form              Tmut/Pois      4%         N/A       38%         3
 Ice Form                 Ice/Tmut       4%         N/A       80%         4


Dungeon Overview and Level Annotations

Branches:
Dungeon (2/15)

Altars:

Annotations:
D:2 Natasha


Innate Abilities, Weirdness & Mutations

You have temporarily grown beastly horns.
You have sharp claws.
You have razor-sharp teeth.
You have supernaturally acute eyesight. (SInv)
You cover ground quickly. (Speed+)
You are covered in fur. (AC +1)
Your paws help you pounce on unaware monsters.
You are incapable of wielding weapons or throwing items.
You cannot wear armour.
You gain extra lives every three experience levels.


Message History

You scratch the goblin. Your headbutt misses the goblin.
The goblin is severely wounded.
The goblin closely misses you.
You claw the goblin!
You kill the goblin!
A hobgoblin comes into view.
You howl as the wereblood boils in your veins!
Your transformation is almost over.
The hobgoblin barely misses you.
You closely miss the hobgoblin. The hobgoblin hits you.
You claw the hobgoblin!
You feel a bit better.
You kill the hobgoblin!
No target in view!
You howl as the wereblood boils in your veins!
Your horns disappear.
Your primal bloodlust is almost over.
Your primal bloodlust has ended.
Magic restored.
You now have 14 gold pieces (gained 5).
Natasha, Servant of Life and Death comes into view.
She is carrying a wand of flame (11).
Casting: Beastly Appendage (safe; 9% risk of failure)
Confirm with . or Enter, or press ? or * to list all spells.
Your blood is infused with primal strength.
Natasha hisses angrily.
Natasha zaps a wand.
The puff of flame misses you.
Casting: Wereblood (safe; 13% risk of failure)
Confirm with . or Enter, or press ? or * to list all spells.
You grow a pair of large bovine horns.
Natasha stares at you and mumbles some strange words.
The magic dart hits you!
Ouch! That really hurt!
You are too injured to fight recklessly!
You are too injured to fight recklessly!
Natasha stares at you and mumbles some strange words.
You resist with some effort. Natasha casts a spell at you.
You feel yourself slow down.
Your transformation is almost over.
Natasha zaps a wand.
The puff of flame hits you!
Ouch! That really hurt!
You die...

. . .. .....#.#.. #
..............#.#
#...............#
#######........)......# ###
.................#[..####...
.#...###.....###............
####.##.......##.......h....
#..#.....†..>@...........
##....†....##......).....
###.....................
#.......#..)..........
####..........##......
#..........# .....
#.......)..## ....
#...........# ...
#...........# ..


You could see Natasha.

Vanquished Creatures
  An endoplasm (D:2)
  4 goblins (D:2)
  2 hobgoblins
  2 quokkas (D:2)
  A kobold (D:1)
  3 rats
13 creatures vanquished.

Notes
Turn   | Place    | Note
-------+----------+-------------------------------------------
     0 | D:1      | senseless the Felid Transmuter began the quest for the Orb.
     0 | D:1      | Reached XP level 1. HP: 9/9 MP: 4/4
   162 | D:1      | You fall into a shaft and drop 1 floor!
   304 | D:2      | Reached XP level 2. HP: 2/12 MP: 4/6
   389 | D:2      | Learned a level 2 spell: Wereblood
   446 | D:2      | Noticed Natasha
   454 | D:2      | Killed from afar by Natasha

Illustrated notes

Levels and vault maps discovered:
D:1:      ncdulo_smallfort, layout_loops_ring,
          hellmonk_ecumenical_altar_pennies_from_heaven, minmay_misc_feat_five,
          st_stairs_2
D:2:      layout_rooms, uniq_natasha

Skill      XL: |  1  2 |
---------------+-------+-----
Dodging        | 3 |  3.0
Fighting       | |  1.3
Unarmed Combat | |  3.1
Spellcasting   | |  2.1
Transmutations | |  2.4

Action                     || total
---------------------------++-------
  Melee: Unarmed           ||    31
         Bite              ||     4
         Punch             ||     1
   Cast: Beastly Appendage ||    10
         Wereblood         ||     2
   Stab: Sleeping          ||     1
 Armour: Skin              ||     1
  Dodge: Dodged            ||    15

Table legend: (Time is in decaauts)
 A = Elapsed time spent in this place.
 B = Non-inter-level travel time spent in this place.
 C = Inter-level travel time spent in this place.
 D = Time resting spent in this place.
 E = Time spent auto-exploring this place.
 F = Levels seen in this place.
 G = Mean time per level.
                   A        B        C        D        E       F      G
               +--------+--------+--------+--------+--------+-----+--------+
         Total |    399 |    399 |      0 |     43 |    250 |   2 |  199.5 |
       Dungeon |    399 |    399 |      0 |     43 |    250 |   2 |  199.5 |
               +--------+--------+--------+--------+--------+-----+--------+

Top non-repeatable levels by time:
     D:2: 263 daAuts
     D:1: 136 daAuts
